 Dungeon Crawl Stone Soup version 0.28.0-49-g6dfe1f597d (webtiles) character file.

Game seed: 9020090639280393297

11 issech the Vexing (level 2, 0/23 HPs)
             Began as a Gnoll Arcane Marksman on May 19, 2022.
             Slain by an adder (1 damage)
             ... on level 1 of the Dungeon.
             The game lasted 00:02:12 (856 turns).

issech the Vexing (Gnoll Arcane Marksman)            Turns: 856, Time: 00:02:12

Health: 0/23       AC:  2    Str:  9    XL:     2   Next: 29%
Magic:  5/5        EV: 13    Int: 12    God:
Gold:   94         SH:  0    Dex: 12    Spells: 5/6 levels left

rFire   . . .      SeeInvis .   f - +0 dagger (venom)
rCold   . . .      Faith    .   (no shield)
rNeg    . . .      Spirit   .   d - +0 robe
rPois   .          Reflect  .   (no helmet)
rElec   .          Harm     .   (no cloak)
rCorr   .          Rampage  .   (no gloves)
Will    .....                   (no boots)
Stlth   +.........              (no amulet)
HPRegen 0.07/turn               (no ring)
MPRegen 0.09/turn               (no ring)

@: no status effects
A: fangs 1, strong nose, distributed training
a: no special abilities


You were on level 1 of the Dungeon.
You visited 1 branch of the dungeon, and saw 2 of its levels.

You collected 94 gold pieces.

Inventory:

Hand Weapons
 a - a +0 hand crossbow
 f - a +0 dagger of venom (weapon)
 i - a +0 club
 j - a +0 hunting sling
 k - a +0 whip
Missiles
 c - 39 bolts
 e - 29 stones
Armour
 d - a +0 robe (worn)
Scrolls
 g - a scroll of blinking {unknown}
 h - a scroll of brand weapon {unknown}
Potions
 b - a potion of attraction {unknown}


   Skills:
 + Level 2.4 Fighting
 + Level 0.3 Short Blades
 + Level 0.3 Long Blades
 + Level 0.3 Axes
 + Level 0.3 Maces & Flails
 + Level 0.3 Polearms
 + Level 0.3 Staves
 + Level 0.3 Slings
 + Level 0.3 Bows
 + Level 4.4 Crossbows
 + Level 0.3 Throwing
 + Level 0.3 Armour
 + Level 4.4 Dodging
 + Level 0.3 Stealth
 + Level 0.3 Shields
 + Level 0.3 Unarmed Combat
 + Level 2.7 Spellcasting
 + Level 0.2 Conjurations
 + Level 5.3 Hexes
 + Level 0.2 Summonings
 + Level 0.2 Necromancy
 + Level 0.2 Translocations
 + Level 0.2 Transmutations
 + Level 0.2 Fire Magic
 + Level 0.2 Ice Magic
 + Level 0.2 Air Magic
 + Level 0.2 Earth Magic
 + Level 0.2 Poison Magic
 + Level 0.4 Invocations
 + Level 0.3 Evocations


You had 5 spell levels left.
You knew the following spells:

 Your Spells              Type           Power      Damage    Failure   Level
a - Slow                  Hex            56%        N/A       2%          1

Your spell library contained the following spells:

 Spells                   Type           Power      Damage    Failure   Level
 Inner Flame              Hex/Fire       8%         N/A       24%         3
 Portal Projectile        Hex/Tloc       16%        N/A       24%         3
 Cause Fear               Hex            7%         N/A       28%         4


Dungeon Overview and Level Annotations

Branches:
Dungeon (2/15)

Altars:


Innate Abilities, Weirdness & Mutations

You have very sharp teeth.
Your uncanny sense of smell can sniff out nearby items.
Your experience applies equally to all skills.


Message History

You are poisoned.
The adder poisons you!
Your +0 dagger of venom begins to drip with poison!
f - a +0 dagger of venom (weapon)
You feel sick.
You hit the adder.
The adder is lightly wounded.
You feel sick. The adder barely misses you. The adder bites you.
You are more poisoned.
The adder poisons you!
You barely miss the adder.
The adder is lightly wounded.
You feel sick. The quokka closely misses you. The adder bites you.
You can't go down here!
You feel sick. The adder barely misses you. The quokka barely misses you.
You climb upwards.
You feel sick.
There is a stone staircase leading down here.
You feel sick. The adder misses you.
The quokka bites you but does no damage.
You feel sick.
You feel sick.
You are no longer poisoned.
The adder barely misses you.
The quokka twitches its whiskers.
The quokka barely misses you.
The quokka bites you but does no damage.
You hit the quokka but do no damage.
The quokka is poisoned.
The quokka closely misses you.
You kill the quokka!
The adder bites you.
* * * LOW HITPOINT WARNING * * *
You miss the adder. You bite the adder, but do no damage.
The adder barely misses you.
You completely miss the adder. The adder closely misses you.
You closely miss the adder. The adder bites you.
* * * LOW HITPOINT WARNING * * *
You hit the adder.
The adder is poisoned.
The adder is lightly wounded.
The adder misses you. The adder bites you.
You die...

#.##.##.######### #..
#.......#.......# #.#
####.####.......# ###
#..# #.......# ###
#####.###.......# ###..
#.......#.......####....
#.###.#.#.........#.....
#.##..#.#.......#.....##
#.##.##@####.####...###.
#.##.##S# #.# #..##..≈
#.......####.# ####>≈≈≈
####.##......# ##### ###
#.##.###..#########.#
#.########
#............#......#
.........#
####.#...........####
#.######.#
#†#.#..##.#...# # ###
#.# #.#.#...#.##### #


You could see an adder (very poisoned).

Vanquished Creatures
  An endoplasm (D:1)
  A giant cockroach (D:1)
  2 goblins (D:1)
  3 quokkas (D:1)
  A bat (D:1)
  A frilled lizard (D:1)
  A kobold (D:1)
10 creatures vanquished.

Notes
Turn   | Place    | Note
-------+----------+-------------------------------------------
     0 | D:1      | issech the Gnoll Arcane Marksman began the quest for the
                  | Orb.
     0 | D:1      | Reached XP level 1. HP: 17/17 MP: 4/4
    10 | D:1      | Found a faded altar of an unknown god.
   369 | D:1      | Reached XP level 2. HP: 23/23 MP: 5/5
   855 | D:1      | HP: 1/23 [adder (5)]
   856 | D:1      | Slain by an adder

Illustrated notes

Levels and vault maps discovered:
D:1:      evilmike_arrival_crescent, layout_loops_cross,
          chequers_ecumenical_altar_simple
D:2:      layout_basic, st_stairs_9, uniq_sigmund

Action                   || total
-------------------------++-------
Melee: Dagger            ||     9
       Bite              ||     1
 Fire: Hand crossbow     ||    20
Armor: Robe              ||     3
Dodge: Dodged            ||    13
